 Dungeon Crawl Stone Soup version 0.14-a0-1474-g1105da3 (webtiles) character file.

247896 Gruud the Impaler (level 19, 148/155 HPs)
             Began as a Djinni Fighter on Oct 1, 2013.
             Was the Champion of Trog.
             Quit the game on Level 20 of the Dungeon on Dec 14, 2013.
             The game lasted 05:34:02 (41528 turns).

Gruud the Impaler (Djinni Fighter)                 Turns: 41528, Time: 05:34:02

HP 148/155 (124) AC 27     Str 17      XL: 19   Next: 52%
MP   0/0         EV 15     Int 14      God: Trog [******]
Gold 1740        SH  0     Dex 18      Spells:  0 memorised, 18 levels left

rFire  + + +     SeeInvis .     a - +8,+5 glaive of Exquisite Torment {vamp, rC+}
rCold  + . .     Clarity  +     s - +2 dwarf chain mail {rPois}
rNeg   + + +     Conserve .     (no shield)
rPois  +         rCorr    .     p - +2 wizard hat {Int+3}
rElec  .         rRot     .     G - +2 cloak {MR+} (curse)
SustAb . .       Spirit   .     F - +2 pair of elf gloves
rMut   .         Warding  .     (boots unavailable)
Saprov . . .     Stasis   .     Z - amulet of clarity
                                V - ring of protection from cold
                                C - ring of regeneration

@: burdened, flying, slow, quite resistant to hostile enchantments, extremely
unstealthy
A: fire immunity, cold vulnerability, life protection 3
a: Burn Spellbooks, Berserk, Trog's Hand, Brothers in Arms, Renounce Religion


You were on level 20 of the Dungeon.
You worshipped Trog.
Trog was exalted by your worship.
You were encumbered.
You were not hungry.

You visited 6 branches of the dungeon, and saw 43 of its levels.
You visited the Abyss 1 time.

You collected 4038 gold pieces.
You spent 2318 gold pieces at shops.

Inventory:

Hand weapons
 a - the +8,+5 glaive of Exquisite Torment (weapon) {vamp, rC+}
   (Trog gifted it to you on level 11 of the Dungeon)

   It inflicts no extra harm, but heals its wielder somewhat when it strikes a
   living foe.
   It protects you from cold.
 r - the +4,+5 spear of Trog's Outrage {vamp, Hunger +Fly rElec rF+ MR++}
   (Trog gifted it to you on level 2 of the Swamp)

   It inflicts no extra harm, but heals its wielder somewhat when it strikes a
   living foe.
   It protects you from fire.
   It insulates you from electricity.
   It affects your resistance to hostile enchantments.
   It lets you fly.
   It speeds your metabolism.
 L - the +5,+8 glaive of the Guard {elec, +Rage AC+5 SInv}
   (Trog gifted it to you on level 3 of the Swamp)

   Occasionally, upon striking a foe, it will discharge some electrical energy
   and cause terrible harm.
   It affects your AC (+5).
   It enhances your eyesight.
   It lets you go berserk.
Missiles
 D - 13 darts of dispersal (quivered)
Armour
 l - the cursed +5 chain mail "Plog" {rC+ Stlth, unknown}
   (You found it on level 1 of the Abyss)

   It protects you from cold.
   It makes you more stealthy.
   It has a curse placed upon it.
 p - a +2 wizard hat of intelligence (worn)
 s - a +2 dwarven chain mail of poison resistance (worn)
 v - a cursed -2 cloak
 F - a +2 pair of elven gloves (worn)
 G - a cursed +2 cloak of magic resistance (worn)
 S - a +0 ice dragon hide
Magical devices
 c - a wand of confusion (3)
 g - a wand of teleportation (4)
 h - a wand of hasting (1)
 i - a wand of invisibility (4)
 m - a wand of disintegration (0)
 n - a wand of confusion (13)
 w - a wand of fire (6)
 H - a wand of polymorph (7)
 P - a wand of digging (8)
 U - a wand of cold (7)
 X - a wand of hasting (3)
 Y - a wand of teleportation (3)
Scrolls
 E - a scroll of magic mapping
 N - 2 scrolls of teleportation
 O - a scroll of blinking
 T - 2 scrolls of fear
 W - a scroll of silence
Jewellery
 u - an uncursed ring of see invisible
 y - an uncursed amulet of rage
 C - a ring of regeneration (left hand)
 I - an uncursed ring of flight
 K - an uncursed ring of teleport control
 Q - an uncursed ring of poison resistance
 V - a ring of protection from cold (right hand)
 Z - an amulet of clarity (around neck)
Potions
 d - 5 potions of speed
 o - 4 potions of agility
 q - 3 potions of restore abilities
 z - 4 potions of berserk rage
 A - 2 potions of invisibility
 J - 12 potions of curing
 M - 5 potions of might
Books
 f - a book of the Warp

   Spells                             Type                      Level
   Recall                             Summoning/Translocation      3
   Control Teleport                   Charms/Translocation         4
   Phase Shift                        Translocation                5
   Warp Weapon                        Charms/Translocation         5
   Dispersal                          Translocation                6
   Controlled Blink                   Translocation                7
   Disjunction                        Translocation                8
   Trog disapproves of the use of such an item.
 t - a Necronomicon {highlevel}

   This book is beyond your current level of understanding.

   Spells                             Type                      Level
   Haunt                              Necromancy/Summoning         7
   Borgnjor's Revivification          Necromancy                   8
   Death's Door                       Charms/Necromancy            8
   Necromutation                      Transmutation/Necromancy     8
   Trog disapproves of the use of such an item.
Miscellaneous
 k - a sack of spiders
 x - a phial of floods
 B - a lamp of fire
 R - a box of beasts
Rods
 b - a +4 rod of frigid destruction (12/12)
   (You found it on level 11 of the Dungeon)
 e - a +8 lightning rod (17/17)
   (You acquired it on level 4 of the Spider Nest)
 j - a +9 rod of inaccuracy (15/15)
   (You acquired it on level 6 of the Lair of Beasts)


   Skills:
 * Level 7.6 Fighting
 - Level 20.1 Polearms
 - Level 20.0 Armour
 - Level 15.7 Dodging
   Level 3.0 Shields
 + Level 13.2 Evocations


You had 18 spell levels left.
You didn't know any spells.

Dungeon Overview and Level Annotations

Branches:
Dungeon (20/27)            Temple (0/1) D:4             Orc (4/4) D:9
    Elf (3/3) Orc:4          Lair (8/8) D:10          Swamp (4/5) Lair:5
 Spider (4/5) Lair:6        Slime (0/6) Lair:7       Vaults (0/5) D:15
 Depths: D:16

Altars:
Elyvilon
Fedhas
Sif Muna
Trog
Xom
Yredelemnul
Zin
Beogh
Jiyva

Shops:
D:9 (   D:16 [   D:18 (   D:20 [   Orc:1 }   Orc:4 [+%[%   Elf:1 !

Portals:
Trove: D:10 (give +6,+6 demon blade)

Annotations:
D:14 exclusion: Roxanne, Roxanne
D:15 exclusions: oklob plant and 1 more exclusion
D:16 exclusion: 2 upstairs
Lair:3 exclusion: oklob plant


Innate Abilities, Weirdness & Mutations

You are immune to all types of fire, even holy and hellish.
You are vulnerable to cold.
You need no food.
You have no legs.
You are immune to negative energy.


Message History

Saving game... please wait.
You are being weighed down by all of your possessions.
Welcome back, Gruud the Djinni Fighter.
Trog says: Kill them all!
Press ? for a list of commands and other information.
Saving game... please wait.
You are being weighed down by all of your possessions.
Welcome back, Gruud the Djinni Fighter.
Trog says: Kill them all!
Press ? for a list of commands and other information.
Saving game... please wait.
You are being weighed down by all of your possessions.
Welcome back, Gruud the Djinni Fighter.
Trog says: Kill them all!
Press ? for a list of commands and other information.
Quiver which item? (- for none, * to show all) (? for menu, Esc to quit)
Okay, then.
Quiver which item? (- for none, * to show all) (? for menu, Esc to quit)
Okay, then.
Are you sure you want to abandon this character and quit the game? (Confirm with "yes".)

##.##....# #.....+.............
.#.#.[...# #.....#.............
.#.#<....#####..............##...
..........................)()#.#.
.#.#.....###.##.###..######)##.#.
.#.#.....# #.##.# #..# #)).#.#.
.#.#.###.# #.##.###..#####.).#.#.
.......#.###.##.%............#.#.
.#######........@............#.#.
..........##'#####.#.....#...#.#.
..........#......#.#.#.#.#...#.##
.#######..#......#.#.#.......#.()
.# #..#......#.#.######..#### .#
#..##'#####.#............. +#
#..##.......#.######..####
#..##########.### #..#
#...............# #..#


There were no monsters in sight!

Vanquished Creatures
  Norris (Swamp:2)
  Arachne (Spider:4)
  A titan (D:17)
  2 Executioners (Abyss:1)
  Rupert (D:15)
  Agnes (D:15)
  Frances (Swamp:3)
  Donald (D:15)
  8 tentacled starspawn
  Gastronok (Lair:1)
  The ghost of timbw the Minotaur Blade, a powerful MiBe of Trog (Elf:3)
  2 reapers
  Jorgrun (Spider:2)
  A green draconian (Abyss:1)
  A lorocyproca (Abyss:1)
  The ghost of docbrown the Placeless Demonspawn, a powerful DsWr of Okawaru (D:15)
  Azrael (D:17)
  A green death (D:19)
  Snorg (Swamp:2)
  3 yaktaur captains
  A fire dragon (D:17)
  A great orb of eyes (Abyss:1)
  Josephine (D:15)
  25 hydras
  A ravenous item mimic (Swamp:1)
  A ravenous feature mimic (Abyss:1)
  Erica (Lair:2)
  An ice dragon (D:20)
  3 ogre magi
  4 alligators
  3 rakshasas
  3 orc high priests (Orc:4)
  7 thrashing horrors (Abyss:1)
  6 wretched stars (Abyss:1)
  11 centaur warriors
  A very ugly thing (Abyss:1)
  10 hell hogs (Abyss:1)
  A shadow wraith (D:19)
  A sun demon (Swamp:3)
  3 soul eaters
  5 unseen horrors
  An ice devil (Abyss:1)
  4 deep elf knights
  16 large abominations
  An unseen horror (shapeshifter) (D:20)
  2 deep trolls
  Erolcha (D:10)
  A giant orange brain (Abyss:1)
  A wizard (Abyss:1)
  A swamp dragon (Swamp:4)
  A flayed ghost (D:20)
  14 orc knights
  A hellion (Abyss:1)
  10 hill giants
  A wolf spider zombie (D:18)
  The ghost of Csabeeboy the Protected, an experienced GrEE (D:6)
  A giant amoeba (D:17)
  6 orc sorcerers
  17 wolf spiders
  4 lindwurms (Lair:4)
  7 deep elf conjurers
  A red wasp (shapeshifter) (D:19)
  A fire giant zombie (D:17)
  2 stone giant zombies
  3 griffons
  2 phantasmal warriors
  4 red wasps
  A shining eye (Abyss:1)
  4 deep elf summoners
  5 elephants
  9 cyclopes
  A stone giant skeleton (D:17)
  An elephant (shapeshifter) (D:20)
  Maurice (D:8)
  An apocalypse crab (Abyss:1)
  A feature mimic (D:11)
  13 spiny frogs
  4 black mambas
  A spriggan druid (Lair:8)
  2 sixfirhies (Abyss:1)
  5 orange demons (Abyss:1)
  2 queen ants
  A black mamba (shapeshifter) (D:13)
  A redback zombie (D:18)
  5 yaktaurs
  16 smoke demons
  A fire drake (Lair:6)
  7 deep elf priests
  4 efreet
  9 ancient zymes (Abyss:1)
  11 hellwings
  A spriggan (shapeshifter) (Elf:3)
  8 komodo dragons
  Grinder (D:6)
  A hydra zombie (D:15)
  7 orb spiders
  A mottled draconian skeleton (Abyss:1)
  A queen bee (Lair:6)
  6 demonic crawlers
  A giant firefly (Lair:8)
  9 spriggans (Lair:8)
  6 trolls
  21 jumping spiders
  9 giant leeches
  3 ravens
  43 slime creatures
  6 two-headed ogres
  2 trapdoor spider zombies
  A red devil (D:17)
  A hydra skeleton (D:12)
  5 bog bodies
  A guardian serpent zombie (Abyss:1)
  12 blink frogs
  5 baby alligators
  2 chaos spawn
  2 grizzly bears (Lair:8)
  3 fire dragon zombies
  10 trapdoor spiders
  2 basilisks
  2 fire dragon skeletons
  2 guardian serpent skeletons (Abyss:1)
  27 redbacks
  An ettin skeleton (D:20)
  4 flying skulls (Abyss:1)
  11 tarantellas
  A griffon skeleton (D:19)
  A water elemental (D:11)
  A fire elemental (D:17)
  9 wraiths
  A vampire (D:17)
  4 sharks
  10 ynoxinuls (Abyss:1)
  3 shadows
  2 hungry ghosts
  46 ugly things
  A hill giant zombie (D:16)
  68 yaks
  An air elemental (Abyss:1)
  Eustachio (D:5)
  An elephant slug (Lair:8)
  12 neqoxecs
  Grum (Orc:4)
  2 wyverns
  13 deep elf magi
  55 swamp worms
  44 vampire mosquitoes
  A yak (shapeshifter) (D:16)
  A removed MONS_ROCK_WORM (D:19)
  35 wolves
  12 deep elf fighters
  An elf (shapeshifter) (D:16)
  10 soldier ants
  7 hippogriffs
  3 necrophages
  4 mottled dragons
  A manticore (D:9)
  10 porcupines
  A deep dwarf (Abyss:1)
  12 swamp drakes
  A hydra simulacrum (D:15)
  5 giant goldfish
  22 small abominations (Abyss:1)
  2 nagas (Abyss:1)
  A red wasp simulacrum (D:18)
  3 hell hounds (D:17)
  2 yellow wasps
  6 black bears
  37 orc warriors
  6 ice beasts
  A fire dragon simulacrum (D:15)
  28 ogres
  13 crocodiles
  4 sky beasts
  5 phantoms
  A boring beetle (shapeshifter) (D:20)
  4 boring beetles
  Sigmund (D:5)
  Duvessa (D:8)
  22 centaurs
  A draconian (D:14)
  4 wargs
  9 giant slugs
  17 water moccasins
  3 brain worms
  A yaktaur zombie (D:14)
  5 big kobolds
  2 cyclops zombies
  18 insubstantial wisps
  2 yaktaur skeletons
  8 agate snails
  A giant slug zombie (D:17)
  A wyvern skeleton (D:14)
  11 giant frogs
  A manticore skeleton (D:13)
  A cyclops skeleton (D:11)
  2 eyes of draining (D:15)
  2 hippogriff zombies
  2 yak zombies
  11 electric eels
  A troll zombie (D:13)
  9 jellyfish
  9 wights
  42 killer bees
  A yak skeleton (D:15)
  12 crimson imps
  9 goliath beetles
  3 spiders
  Dowan (D:8)
  3 jellies
  A giant frog zombie (D:6)
  37 starcursed masses (Abyss:1)
  2 quasits
  9 iguanas
  Crazy Yiuf (D:6)
  40 orc priests
  A giant frog skeleton (D:6)
  An iron imp (Abyss:1)
  5 big fish
  48 orc wizards
  6 scorpions
  9 hounds
  2 orange rats
  60 worker ants
  26 sheep
  A killer bee zombie (D:13)
  Ijyb (D:6)
  Jessica (D:12)
  A brain worm zombie (D:13)
  A big kobold zombie (D:15)
  A hound zombie (D:7)
  2 mummies (Abyss:1)
  A worker ant zombie (D:9)
  3 gnolls (D:3)
  19 adders
  3 giant centipedes
  45 green rats
  18 humans
  6 giant mites
  5 white imps
  An inept feature mimic (D:3)
  9 worms
  8 ufetubi (Abyss:1)
  An adder skeleton (D:8)
  A grey rat (Lair:1)
  An iguana skeleton (D:5)
  A giant eyeball (D:4)
  4 giant geckos
  5 oozes
  212 orcs
  A bat skeleton (D:8)
  17 hobgoblins
  9 jackals
  35 kobolds
  13 quokkas
  30 bats
  9 giant cockroaches
  7 giant newts
  A giant newt zombie (D:5)
  A giant spore (D:10)
  17 goblins
  16 illusory rakshasas
  A kobold skeleton (D:5)
  23 rats
  A rat skeleton (D:8)
  2 ballistomycetes (D:10)
  2 fungi
  A plant (Lair:5)
  A starspawn tentacle (Abyss:1)
2066 creatures vanquished.

Vanquished Creatures (collateral kills)
  Nikola (D:16)
  An alligator (Swamp:1)
  A very ugly thing (Abyss:1)
  A neqoxec (Abyss:1)
  4 starcursed masses (Abyss:1)
8 creatures vanquished.

Vanquished Creatures (others)
  A draconian scorcher (Abyss:1)
  A vapour (Swamp:3)
  An orange demon (Abyss:1)
  3 water elementals
  A troll (D:16)
  A tarantella (Spider:4)
  A redback (Spider:4)
  An ugly thing (D:16)
  A spider (Spider:2)
  A giant spore (D:9)
  3 jackals (D:4)
  A lurking horror (Abyss:1)
  2 fungi (Lair:8)
  3 plants (Lair:8)
  18 starspawn tentacles
  11 starspawn tentacle segments (Abyss:1)
50 creatures vanquished.

Grand Total: 2124 creatures vanquished

Notes
Turn   | Place    | Note
--------------------------------------------------------------
     0 | D:1      | Gruud, the Djinni Fighter, began the quest for the Orb.
     0 | D:1      | Reached XP level 1. HP: 16/16 MP: 0/0
     5 | D:1      | Noticed an elf skeleton
     8 | D:1      | Noticed a centaur skeleton
    12 | D:1      | Noticed a spriggan skeleton
    16 | D:1      | Noticed a minotaur skeleton
    18 | D:1      | Noticed a human skeleton
    19 | D:1      | Noticed a centaur skeleton
   392 | D:1      | Reached XP level 2. EP: 22/22
  1097 | D:2      | Reached XP level 3. EP: 28/28
  1181 | D:2      | Reached skill level 4 in Polearms
  1361 | D:2      | Found a bloodstained altar of Trog.
  1694 | D:2      | Became a worshipper of Trog the Wrathful
  2009 | D:3      | Reached XP level 4. EP: 30/35
  2096 | D:3      | Found a deep blue altar of Sif Muna.
  2105 | D:3      | Found a white marble altar of Elyvilon.
  2256 | D:3      | Reached skill level 5 in Polearms
  2478 | D:3      | Acquired Trog's first power
  2539 | D:3      | Reached XP level 5. EP: 40/40
  2772 | D:4      | Paralysed by a giant eyeball for 4 turns
  3001 | D:4      | Reached skill level 6 in Polearms
  3003 | D:4      | Acquired Trog's second power
  3210 | D:4      | Noticed a phantom
  3276 | D:4      | Killed a phantom
  3276 | D:4      | Reached XP level 6. EP: 38/47
  3292 | D:4      | Noticed an ogre
  3298 | D:4      | Killed an ogre
  3298 | D:4      | Reached skill level 7 in Polearms
  3584 | D:4      | Found a staircase to the Ecumenical Temple.
  3655 | D:5      | Entered Level 5 of the Dungeon
  3689 | D:5      | Noticed Eustachio
  3927 | D:5      | Killed Eustachio
  3927 | D:5      | Reached skill level 8 in Polearms
  3927 | D:5      | Reached XP level 7. EP: 53/53
  4058 | D:5      | Noticed Sigmund
  4072 | D:5      | Killed Sigmund
  4072 | D:5      | Reached skill level 9 in Polearms
  4119 | D:5      | Reached XP level 8. EP: 39/60
  4432 | D:5      | Reached skill level 10 in Polearms
  4952 | D:5      | Found a blossoming altar of Fedhas.
  5302 | D:6      | Noticed Csabeeboy's ghost (experienced GrEE)
  5343 | D:6      | Killed Csabeeboy's ghost
  5343 | D:6      | Reached skill level 11 in Polearms
  5343 | D:6      | Reached XP level 9. EP: 54/65
  5390 | D:6      | Found a bloodstained altar of Trog.
  5393 | D:6      | Found a deep blue altar of Sif Muna.
  5399 | D:6      | Noticed Grinder
  5432 | D:6      | Killed Grinder
  5432 | D:6      | Acquired Trog's third power
  5432 | D:6      | Reached skill level 12 in Polearms
  5540 | D:6      | Noticed Ijyb
  5689 | D:6      | Killed Ijyb
  5954 | D:6      | Found a bloodstained altar of Trog.
  6016 | D:6      | Noticed Crazy Yiuf
  6033 | D:6      | Killed Crazy Yiuf
  6444 | D:7      | Reached skill level 13 in Polearms
  6937 | D:8      | Noticed Duvessa
  6938 | D:8      | Noticed Dowan
  6943 | D:8      | Killed Duvessa
  6947 | D:8      | Killed Dowan
  7180 | D:8      | Reached XP level 10. EP: 72/72
  7293 | D:8      | Received a gift from Trog
  7471 | D:8      | Reached skill level 5 in Armour
  7575 | D:8      | Noticed Maurice
  7609 | D:8      | Killed Maurice
  7649 | D:8      | Found a staircase to the Orcish Mines.
  8014 | D:9      | Found Twaceotu's Antique Weapon Shop.
  8032 | D:9      | Bought a runed halberd for 156 gold pieces
  8161 | D:9      | Found a glowing silver altar of Zin.
  8238 | D:9      | Found a basalt altar of Yredelemnul.
  8439 | D:9      | Received a gift from Trog
  8548 | D:9      | Found a staircase to the Orcish Mines.
  8624 | D:9      | Reached skill level 10 in Armour
  8760 | D:10     | Entered Level 10 of the Dungeon
  8790 | D:10     | Noticed Erolcha
  8804 | D:10     | Killed Erolcha
  8804 | D:10     | Reached XP level 11. EP: 78/78
  8838 | D:10     | Found a portal to a secret trove of treasure.
  8871 | D:10     | Noticed a hill giant
  8882 | D:10     | Killed a hill giant
  9173 | D:10     | Found a staircase to the Lair.
  9173 | D:10     | Noticed an elephant
  9190 | D:10     | Killed an elephant
  9190 | D:10     | Reached skill level 1 in Evocations
  9319 | D:10     | Noticed a hill giant
  9323 | D:10     | Killed a hill giant
  9690 | D:11     | Identified a +1 rod of frigid destruction (9/9) (You found it on level 11 of the Dungeon)
  9855 | D:11     | Noticed a hill giant
  9862 | D:11     | Killed a hill giant
 10112 | D:11     | Received a gift from Trog
 10128 | D:11     | Got an ichor-stained glaive {god gift}
 10134 | D:11     | Identified the +8,+5 glaive of Exquisite Torment {vamp, rC+} (Trog gifted it to you on level 11 of the Dungeon)
 10134 | D:11     | Identified the +8,+5 glaive of Exquisite Torment {vamp, rC+} (Trog gifted it to you on level 11 of the Dungeon)
 10797 | D:12     | Noticed Jessica
 10912 | D:12     | Killed Jessica
 10916 | D:12     | Found a deep blue altar of Sif Muna.
 10963 | D:12     | Reached skill level 5 in Evocations
 11073 | D:12     | Reached skill level 14 in Polearms
 11139 | D:12     | Noticed a five-headed hydra
 11149 | D:12     | Killed a hydra
 11252 | D:12     | Reached XP level 12. EP: 69/93
 11468 | Lair:1   | Entered Level 1 of the Lair of Beasts
 11686 | Lair:1   | Noticed Gastronok
 11711 | Lair:1   | Killed Gastronok
 12065 | Lair:1   | Received a gift from Trog
 12574 | Lair:2   | Reached skill level 15 in Polearms
 13065 | Lair:2   | Noticed Erica
 13074 | Lair:2   | Killed Erica
 13204 | Lair:2   | Received a gift from Trog
 13637 | Lair:3   | Reached skill level 15 in Armour
 13933 | Lair:4   | Reached skill level 1 in Dodging
 13957 | Lair:4   | Reached XP level 13. EP: 99/99
 13991 | Lair:4   | Noticed a four-headed hydra
 13998 | Lair:4   | Killed a hydra
 14286 | Lair:4   | Received a gift from Trog
 14352 | Lair:4   | Reached skill level 16 in Polearms
 14363 | Lair:4   | Identified Klasedorph's Grimoire of Mutagenic Earth (You found it on level 4 of the Lair of Beasts)
 14382 | Lair:4   | Identified the Volume of Talismans (You found it on level 4 of the Lair of Beasts)
 15053 | Lair:5   | Reached skill level 5 in Dodging
 15211 | Lair:5   | Found a staircase to the Swamp.
 15290 | Lair:6   | Received a gift from Trog
 15302 | Lair:6   | Identified a scroll of acquirement
 15304 | Lair:6   | Identified a +5 rod of inaccuracy (13/13) (You acquired it on level 6 of the Lair of Beasts)
 15603 | Lair:6   | Found a hole to the Spider Nest.
 16193 | Lair:7   | Upgraded the game from 0.14-a0-77-g9a1e883 to 0.14-a0-102-g2341383
 16329 | Lair:7   | Received a gift from Trog
 16407 | Lair:7   | Found a staircase to the Slime Pits.
 16408 | Lair:7   | Found a viscous altar of Jiyva.
 16414 | Lair:7   | Reached skill level 17 in Polearms
 16835 | Lair:8   | Entered Level 8 of the Lair of Beasts
 17021 | Lair:8   | Reached XP level 14. EP: 103/105
 17216 | Lair:8   | Received a gift from Trog
 17862 | Lair:8   | Received a gift from Trog
 18368 | Orc:1    | Entered Level 1 of the Orcish Mines
 18591 | Orc:1    | Found Wiud's Gadget Shoppe.
 18901 | Orc:2    | Received a gift from Trog
 19391 | Orc:2    | Received a gift from Trog
 19445 | Orc:2    | Found a roughly hewn altar of Beogh.
 19757 | Orc:4    | Entered Level 4 of the Orcish Mines
 19757 | Orc:4    | Noticed Grum
 19770 | Orc:4    | Killed Grum
 19978 | Orc:3    | Received a gift from Trog
 20228 | Orc:4    | Found a staircase to the Elven Halls.
 20486 | Orc:4    | Found Pnues' Food Shop.
 21010 | Orc:4    | Received a gift from Trog
 21071 | Orc:4    | Reached skill level 18 in Polearms
 21400 | Orc:4    | Found Hojor's Armour Shop.
 21416 | Orc:4    | Found Sawai's Book Emporium.
 21422 | Orc:4    | Found Tuynut's Food Emporium.
 21424 | Orc:4    | Found Douwom's Antique Armour Shop.
 21433 | Orc:4    | Bought a shiny dwarven chain mail for 343 gold pieces
 22115 | Orc:1    | Bought a phial of floods for 1000 gold pieces
 22215 | D:13     | Reached skill level 10 in Dodging
 22228 | D:13     | Received a gift from Trog
 23021 | D:14     | Entered Level 14 of the Dungeon
 23278 | D:14     | Found a roughly hewn altar of Beogh.
 23387 | D:14     | Reached XP level 15. EP: 111/111
 23399 | D:14     | Received a gift from Trog
 23692 | D:14     | Noticed Roxanne
 23952 | D:15     | Entered Level 15 of the Dungeon
 23952 | D:15     | Found a staircase to the Vaults.
 23952 | D:15     | Noticed Rupert
 23952 | D:15     | Noticed Donald
 24224 | D:15     | Killed Donald
 24274 | D:15     | Noticed docbrown's ghost (powerful DsWr)
 24346 | D:15     | Killed docbrown's ghost
 24371 | D:15     | Received a gift from Trog
 24599 | D:15     | Killed Rupert
 24783 | D:15     | Found a shimmering altar of Xom.
 24912 | D:15     | Noticed Josephine
 24937 | D:15     | Killed Josephine
 24954 | D:15     | Reached skill level 19 in Polearms
 25078 | D:16     | Noticed Agnes
 25092 | D:15     | Killed Agnes
 25165 | D:16     | Found Mninuonk's Armour Emporium.
 25439 | D:16     | Noticed Nikola
 25448 | D:16     | Received a gift from Trog
 25492 | D:16     | Upgraded the game from 0.14-a0-102-g2341383 to 0.14-a0-155-gd989017
 25588 | D:16     | HP: 5/111 [Nikola/chain lightning (9)]
 25902 | Elf:1    | Entered Level 1 of the Elven Halls
 26160 | Swamp:1  | Entered Level 1 of the Swamp
 27018 | Swamp:2  | Noticed Norris
 27035 | Swamp:2  | Killed Norris
 27081 | Swamp:2  | Reached XP level 16. EP: 78/118
 27154 | Swamp:2  | Received a gift from Trog
 27157 | Swamp:2  | Got an encrusted spear {god gift}
 27158 | Swamp:2  | Identified the +4,+5 spear of Trog's Outrage {vamp, Hunger +Fly +Jump rElec rF+ MR++} (Trog gifted it to you on level 2 of the Swamp)
 27158 | Swamp:2  | Identified the +4,+5 spear of Trog's Outrage {vamp, Hunger +Fly +Jump rElec rF+ MR++} (Trog gifted it to you on level 2 of the Swamp)
 27610 | Swamp:2  | Noticed Snorg
 27624 | Swamp:2  | Killed Snorg
 28235 | Swamp:3  | Reached skill level 20 in Polearms
 28449 | Swamp:3  | Received a gift from Trog
 28972 | Swamp:4  | Noticed Frances
 28988 | Swamp:3  | Killed Frances
 29685 | Swamp:4  | Upgraded the game from 0.14-a0-155-gd989017 to 0.14-a0-181-gf6fe0c6
 29893 | Spider:1 | Entered Level 1 of the Spider Nest
 29909 | Spider:1 | Received a gift from Trog
 30890 | Spider:2 | Noticed Jorgrun
 30901 | Spider:2 | Killed Jorgrun
 31135 | Spider:2 | Received a gift from Trog
 31864 | Spider:4 | Reached XP level 17. EP: 123/123
 31873 | Spider:4 | Noticed Arachne
 32312 | Spider:4 | Killed Arachne
 32853 | Lair:8   | Upgraded the game from 0.14-a0-181-gf6fe0c6 to 0.14-a0-218-g24e112a
 33308 | Elf:1    | Found Yghaef's Distillery.
 33364 | Elf:1    | Bought 3 potions of agility for 135 gold pieces
 33530 | Elf:1    | Upgraded the game from 0.14-a0-218-g24e112a to 0.14-a0-226-gcf818b1
 33662 | Elf:3    | Entered Level 3 of the Elven Halls
 33662 | Elf:3    | Noticed timbw's ghost (powerful MiBe)
 34217 | Elf:2    | Upgraded the game from 0.14-a0-226-gcf818b1 to 0.14-a0-240-g07e69d7
 34255 | Elf:2    | Received a gift from Trog
 34361 | Elf:3    | Killed timbw's ghost
 34483 | Elf:3    | Cast into the Abyss (a Zot trap)
 34490 | Abyss:1  | Found a corrupted altar of Lugonu.
 34717 | Abyss:1  | Gained mutation: Space occasionally distorts in your vicinity. [a neqoxec]
 34718 | Abyss:1  | Gained mutation: You have a somewhat thin skeletal structure (Dex +2, Stlth). [a neqoxec]
 34948 | Abyss:1  | Paralysed by accursed screaming for 2 turns
 34966 | Abyss:1  | Paralysed by accursed screaming for 1 turns
 34970 | Abyss:1  | Paralysed by accursed screaming for 2 turns
 35249 | Abyss:1  | HP: 4/126 [starcursed mass/accursed screaming (5)]
 35269 | Abyss:1  | Received a gift from Trog
 35324 | Abyss:1  | Found a basalt altar of Yredelemnul.
 35436 | Abyss:1  | Gained mutation: Your body is slowly deteriorating. [a shining eye]
 35559 | Abyss:1  | Upgraded the game from 0.14-a0-240-g07e69d7 to 0.14-a0-259-gc627851
 35794 | Abyss:1  | Got a warped chain mail
 35925 | Abyss:1  | Reached XP level 18. EP: 131/131
 36400 | Abyss:1  | Received a gift from Trog
 36472 | Abyss:1  | Reached skill level 10 in Evocations
 36491 | Abyss:1  | Noticed a Hell Sentinel
 37447 | Elf:3    | Escaped the Abyss
 37532 | Elf:1    | Bought a potion of cure mutation for 630 gold pieces
 37533 | Elf:1    | Lost mutation: Your body is slowly deteriorating. [potion of cure mutation]
 37533 | Elf:1    | Lost mutation: Space occasionally distorts in your vicinity. [potion of cure mutation]
 37533 | Elf:1    | Lost mutation: You have a somewhat thin skeletal structure (Dex +2, Stlth). [potion of cure mutation]
 37534 | Elf:1    | Bought a potion of heal wounds for 54 gold pieces
 37826 | D:16     | Received a gift from Trog
 37826 | D:16     | Killed Nikola
 37826 | D:16     | Reached skill level 15 in Dodging
 38241 | D:17     | Noticed Azrael
 38248 | D:17     | Killed Azrael
 38567 | D:17     | Got a twitching ruby amulet
 38653 | D:17     | Identified a +0 rod of the swarm (9/9) (You found it on level 17 of the Dungeon)
 38994 | D:17     | Received a gift from Trog
 39234 | D:18     | Found Buler's Antique Weapon Emporium.
 39259 | D:18     | Reached XP level 19. EP: 140/140
 39301 | D:18     | Identified the amulet of Noon {Gourm Dex+1} (You took it off a yaktaur captain on level 17 of the Dungeon)
 39946 | D:19     | Reached skill level 5 in Fighting
 39958 | D:19     | Received a gift from Trog
 40880 | D:20     | Entered Level 20 of the Dungeon
 41436 | D:20     | Found Stiocs' Antique Armour Shoppe.
 41528 | D:20     | Upgraded the game from 0.14-a0-259-gc627851 to 0.14-a0-263-g68a9d9c
 41528 | D:20     | Upgraded the game from 0.14-a0-263-g68a9d9c to 0.14-a0-340-g4dbb6ee
 41528 | D:20     | Upgraded the game from 0.14-a0-340-g4dbb6ee to 0.14-a0-1474-g1105da3
 41528 | D:20     | Quit the game

Action                   |  1- 3 |  4- 6 |  7- 9 | 10-12 | 13-15 | 16-18 | 19-21 || total
-------------------------+-------+-------+-------+-------+-------+-------+-------++-------
Melee: Trident           |   135 |   293 |   551 |    24 |       |       |       ||  1003
       Spear             |       |       |       |   181 |       |    86 |       ||   267
       Halberd           |       |       |       |    82 |       |       |       ||    82
       Glaive            |       |       |       |   908 |  2539 |  2771 |   436 ||  6654
       Bardiche          |       |       |       |       |       |       |    28 ||    28
 Fire: Sling             |    15 |       |    18 |    13 |       |       |       ||    46
       Blowgun           |       |       |    20 |     5 |       |       |       ||    25
Invok: No ability        |       |     4 |    11 |    20 |    12 |    17 |     1 ||    65
       No ability        |       |       |     1 |       |     3 |     1 |       ||     5
       No ability        |       |       |       |       |     1 |    19 |     6 ||    26
 Abil: Evoke Teleport Co |       |       |       |       |     1 |       |       ||     1
Evoke: Wand              |       |       |     8 |     8 |    13 |    12 |     2 ||    43
       Rod               |       |       |       |     5 |    49 |    32 |    29 ||   115
       Miscellaneous     |       |       |       |       |     1 |     4 |       ||     5
  Use: Scroll            |       |     3 |    10 |    16 |    17 |    19 |     5 ||    70
       Potion            |       |     3 |       |       |     7 |     9 |     1 ||    20
 Stab: Invisible         |       |       |     4 |       |       |       |       ||     4
       Distracted        |       |       |     1 |       |       |     2 |       ||     3
       Confused          |       |       |       |     1 |       |     1 |       ||     2
       Fleeing           |       |       |       |     1 |     2 |       |     1 ||     4
       Held in net/web   |       |       |       |       |       |     3 |       ||     3
